 Dungeon Crawl Stone Soup version bcrawl-1.15-1-g696c4cd9b6 (webtiles) character file.

Game seed: 4481706975687565902

1932 KristoblXynda the Carver (level 8, -2/71 HPs)
             Began as a Red Draconian Gladiator on Sept 23, 2019.
             Was a Follower of Ashenzari.
             Slain by a yak (10 damage)
             ... on level 5 of the Dungeon.
             The game lasted 00:09:20 (5282 turns).

KristoblXynda the Carver (Red Draconian Gladiator)  Turns: 5282, Time: 00:09:21

Health: -2/71      AC:  8    Str: 16    XL:     8   Next: 97%
Magic:  8/8        EV: 15    Int: 11    God:    Ashenzari [*.....]
Gold:   283        SH:  2    Dex: 13    Spells: 7/7 levels left

rFire    + . .     SeeInvis .   a - +0 long sword
rCold    + . .     Gourm    .   (no shield)
rNeg     + . .     Faith    .   (armour unavailable)
rPois    .         Spirit   .   b - +0 hat
rElec    .         Reflect  .   g - +0 cloak
rCorr    .         Harm     .   o - +0 pair of gloves
MR       .....                  (no boots)
Stlth    +.........             s - amulet of the acrobat (curse)
HPRegen  0.21/turn              t - ring of protection from cold
MPRegen  0.11/turn              v - ring of positive energy

@: short of breath
A: breathe fire, unfitting armour, fire resistance 1, cold-blooded, AC +6
a: Breathe Fire, Curse Item, Scrying, Renounce Religion


You were on level 5 of the Dungeon.
You worshipped Ashenzari.
Ashenzari was aware of your devotion.
You were not hungry.

You visited 2 branches of the dungeon, and saw 6 of its levels.

You collected 283 gold pieces.

Inventory:

Hand Weapons
 a - a +0 long sword (weapon)
Missiles
 c - 3 throwing nets (quivered) {!f}
Armour
 b - a +0 hat (worn)
 g - a +0 cloak (worn)
 o - a +0 pair of gloves (worn)
Jewellery
 s - a cursed amulet of the acrobat (around neck)
 t - a ring of protection from cold (left hand)
 v - a ring of positive energy (right hand)
Scrolls
 e - 4 scrolls of remove curse
 k - 5 scrolls of teleportation
 n - a scroll of amnesia {unknown}
 u - a scroll of noise {unknown}
 x - a scroll of enchant weapon {unknown}
 y - 3 scrolls of fog {unknown}
 A - a scroll of immolation {unknown}
Potions
 f - 2 potions of brilliance
 h - a potion of curing
 i - a potion of ambrosia {unknown}
 j - 2 potions of agility
 l - a potion of heal wounds {unknown}
 m - a potion of lignification {unknown}
 p - a potion of might {unknown}
 q - a potion of mutation {unknown}
 r - a potion of flight
Comestibles
 d - 8 rations {!d}


   Skills:
 + Level 6.7 Fighting
 * Level 8.8 Long Blades
 - Level 2.0 Throwing
 + Level 5.9 Dodging


You had 7 spell levels left.
You didn't know any spells.
Your spell library contained the following spells:

 Spells                   Type           Power        Failure   Level  Hunger
 Magic Dart               Conj           #...         34%         1    ##.....
 Slow                     Hex            #.......     34%         1    ##.....
 Blink                    Tloc           N/A          47%         2    ###....
 Call Imp                 Summ           #.......     47%         2    ###....
 Conjure Flame            Conj/Fire      #.......     71%         3    ####...
 Mephitic Cloud           Conj/Pois/Air  #.......     71%         3    ####...


Dungeon Overview and Level Annotations

Branches:
Dungeon (5/12)             Temple (1/1) D:4

Altars:
Ashenzari
Cheibriados
Dithmenos
Elyvilon
Fedhas
Gozag
Hepliaklqana
Kikubaaqudgha
Lugonu
Nemelex Xobeh
Okawaru
Qazlal
Ru
Sif Muna
Trog
Uskayaw
Vehumet
Wu Jian
Xom
Yredelemnul
Zin
The Shining One


Innate Abilities, Weirdness & Mutations

You can breathe blasts of fire.
Your fiery red scales are hard. (AC +6)
You cannot fit into any form of body armour.
Your flesh is heat resistant. (rF+)
You are cold-blooded and may be slowed by cold attacks.


Message History

The yak misses you.
You see here a yak corpse.
You barely miss the yak. The yak gores you!
You barely miss the yak. The yak gores you!
You hit the yak.
The yak is lightly wounded.
The yak gores you!
* * * LOW HITPOINT WARNING * * *
You slash the yak!
The yak is moderately wounded.
The yak gores you!
* * * LOW HITPOINT WARNING * * *
You have got your breath back.
Press: ? - help, Shift-Dir - straight line, f - yak
Aim: a yak (lightly wounded)
You breathe a blast of fire.
The fiery breath hits the yak.
The yak is heavily wounded.
You feel somewhat more hungry.
The yak is engulfed in blazing flames.
The yak gores you!
You die...

............'...# #...#.##.#.#.
............#######.###.###.#.#
..........).'.......#.#.##.#.#.
............##........#.###.#.#
#'######+#............#.##.#.#.
#..............###.#.#
#####.###########.#.#. #Y#
##.#.# #@# ##### #.# #.# #..
###


You could see a yak.

Vanquished Creatures
  Grinder (D:4)
  5 yaks (D:5)
  2 ice beasts (D:5)
  4 ogres
  A crimson imp (D:4)
  2 orc wizards (D:4)
  2 orc priests
  A bullfrog skeleton (D:4)
  A jelly (D:5)
  4 worker ants
  A hound skeleton (D:4)
  5 adders
  2 oozes
  3 worms
  2 dart slugs
  3 leopard geckos
  15 orcs
  3 giant cockroaches
  14 goblins
  8 hobgoblins
  5 jackals
  6 kobolds
  4 quokkas
  A ball python (D:1)
  A ball python skeleton (D:4)
  5 bats
  7 frilled lizards
  A quokka skeleton (D:4)
  5 rats
114 creatures vanquished.

Notes
Turn   | Place    | Note
-------+----------+-------------------------------------------
     0 | D:1      | KristoblXynda the Draconian Gladiator began the quest for
                  | the Orb.
     0 | D:1      | Reached XP level 1. HP: 17/17 MP: 1/1
   123 | D:1      | Reached XP level 2. HP: 12/25 MP: 2/2
   606 | D:1      | Reached XP level 3. HP: 29/30 MP: 3/3
  1478 | D:2      | Reached skill level 4 in Long Blades
  1673 | D:2      | Found a bloodstained altar of Trog.
  1679 | D:2      | Reached XP level 4. HP: 33/37 MP: 4/4
  2354 | D:3      | Noticed an ogre
  2608 | D:3      | Killed an ogre
  2608 | D:3      | Reached XP level 5. HP: 46/46 MP: 5/5
  2725 | D:4      | Found a staircase to the Ecumenical Temple.
  2738 | Temple   | Entered the Ecumenical Temple
  2752 | Temple   | Became a worshipper of Ashenzari the Shackled
  3005 | D:4      | Reached skill level 5 in Long Blades
  3359 | D:4      | Noticed Grinder
  3359 | D:4      | Noticed an ogre
  3362 | D:4      | Killed an ogre
  3362 | D:4      | Reached XP level 6. HP: 51/52 MP: 6/6
  3365 | D:4      | Killed Grinder
  3365 | D:4      | Reached skill level 6 in Long Blades
  3365 | D:4      | Your scales start taking on a fiery red colour.
  3365 | D:4      | Reached XP level 7. HP: 59/60 MP: 7/7
  3365 | D:4      | Gained mutation: Your flesh is heat resistant. (rF+) [Red
                  | Draconian growth]
  3708 | D:4      | Reached skill level 5 in Fighting
  4298 | D:5      | Entered Level 5 of the Dungeon
  4534 | D:5      | Reached skill level 7 in Long Blades
  4539 | D:5      | Reached skill level 5 in Dodging
  4539 | D:5      | Reached XP level 8. HP: 47/69 MP: 8/8
  4579 | D:5      | Reached * piety under Ashenzari
  4855 | D:5      | Reached skill level 8 in Long Blades
  5282 | D:5      | Slain by a yak

Skill      XL: |  1  2  3  4  5  6  7  8 |
---------------+-------------------------+-----
Throwing       | 2 |  2.0
Dodging        | 3 4 5 |  5.9
Long Blades    | 4 5 6 7 8 |  8.8
Fighting       | 3 4 5 6 |  6.7

Action                   |  1- 3 |  4- 6 |  7- 9 || total
-------------------------+-------+-------+-------++-------
Melee: Long sword        |   146 |   141 |   147 ||   434
       Tailslap          |    16 |    15 |    23 ||    54
Invok: Curse Item        |       |     1 |       ||     1
 Abil: Breathe Fire      |       |       |     9 ||     9
Evoke: Wand              |       |     7 |       ||     7
  Use: Scroll            |       |     5 |     2 ||     7
 Stab: Sleeping          |     1 |     3 |     1 ||     5
  Eat: Chunk             |     2 |     6 |     5 ||    13
       Ration            |       |       |     1 ||     1
Armor: Skin              |    48 |    25 |    30 ||   103
Dodge: Dodged            |   121 |   112 |    77 ||   310
Block: Other             |     1 |     2 |     8 ||    11
